 Dungeon Crawl Stone Soup version 0.29-a0-557-g43b9904bd1 (webtiles) character file.

Game seed: 18042347081386295591

90 DocClef the Covert (level 4, -10/41 HPs)
             Began as a Gnoll Delver on June 8, 2022.
             Mangled by an ogre
             ... wielding a +0 giant spiked club
              (26 damage)
             ... on level 5 of the Dungeon.
             The game lasted 00:00:19 (123 turns).

DocClef the Covert (Gnoll Delver)                    Turns: 123, Time: 00:00:19

Health: -10/41     AC:  3    Str: 13    XL:     4   Next: 56%
Magic:  5/5        EV: 13    Int:  9    God:
Gold:   12         SH:  0    Dex: 14    Spells: 5/5 levels left

rFire   . . .      SeeInvis .   a - +0 short sword
rCold   . . .      Faith    .   (no shield)
rNeg    . . .      Spirit   .   b - +0 leather armour
rPois   .          Reflect  .   (no helmet)
rElec   .          Harm     .   (no cloak)
rCorr   .          Rampage  .   (no gloves)
Will    .....                   (no boots)
Stlth   ++++......              (no amulet)
HPRegen 0.13/turn               (no ring)
MPRegen 0.09/turn               (no ring)

@: no status effects
A: fangs 1, strong nose, distributed training
a: no special abilities


You were on level 5 of the Dungeon.
You visited 1 branch of the dungeon, and saw 1 of its levels.

You collected 12 gold pieces.

Inventory:

Hand Weapons
 a - a +0 short sword (weapon)
 i - the +5 longbow of Courage {venom, rN+ Int+2}
   (You found it on level 5 of the Dungeon)

   Any ammunition fired from it poisons the flesh of those it strikes.
   Int:       It affects your intelligence (+2).
   rN:        It protects you from negative energy.
Armour
 b - a +0 leather armour (worn)
 l - a scarf of invisibility
Wands
 g - a wand of digging (3)
 k - a wand of acid (3)
Scrolls
 c - a scroll of fog
 d - a scroll of magic mapping
 e - a scroll of fear
 h - a scroll of identify {unknown}
Potions
 f - a potion of haste
 j - a potion of might {unknown}


   Skills:
 + Level 6.6 Fighting
 + Level 4.6 Short Blades
 + Level 1.2 Long Blades
 + Level 1.2 Axes
 + Level 1.2 Maces & Flails
 + Level 1.2 Polearms
 + Level 1.2 Staves
 + Level 1.2 Slings
 + Level 1.2 Bows
 + Level 1.2 Crossbows
 + Level 1.2 Throwing
 + Level 1.2 Armour
 + Level 4.6 Dodging
 + Level 9.6 Stealth
 + Level 1.2 Shields
 + Level 1.2 Unarmed Combat
 + Level 1.2 Spellcasting
 + Level 1.0 Conjurations
 + Level 1.0 Hexes
 + Level 1.0 Summonings
 + Level 1.0 Necromancy
 + Level 1.0 Translocations
 + Level 1.0 Transmutations
 + Level 1.0 Fire Magic
 + Level 1.0 Ice Magic
 + Level 1.0 Air Magic
 + Level 1.0 Earth Magic
 + Level 1.0 Poison Magic
 + Level 1.3 Invocations
 + Level 1.2 Evocations


You had 5 spell levels left.
You didn't know any spells.
Your spell library was empty.

Dungeon Overview and Level Annotations

Branches:
Dungeon (5/15)
 Temple: D:4-7

Altars:


Innate Abilities, Weirdness & Mutations

You have very sharp teeth.
Your uncanny sense of smell can sniff out nearby items.
Your experience applies equally to all skills.


Message History

Your Evocations skill increases to level 1!
You have reached level 2!
You have reached level 3!
Your experience leads to an increase in your attributes!
Increase (S)trength, (I)ntelligence, or (D)exterity?
You feel stronger. x2
You have reached level 4!
You feel agile.
Magic restored.
Found a glowing scarf.
k - a wand of acid (3)
Found a club.
An ogre comes into view. It is wielding a +0 giant spiked club.
The ogre shouts!
You see here a scarf of invisibility.
l - a scarf of invisibility
Found a chain mail.
You now have 12 gold pieces.
You puncture the ogre! You bite the ogre.
The ogre is moderately wounded.
The ogre misses you.
You barely miss the ogre.
The ogre is moderately wounded.
The ogre hits you with a +0 giant spiked club!!
Ouch! That really hurt!
You hit the ogre.
The ogre is heavily wounded.
A white imp comes into view.
The white imp shouts, "Begone, thou euchred folly-fallen gnoll-tail!"
You hit the ogre but do no damage. You bite the ogre.
The ogre is heavily wounded.
You hear an angry hiss.
The ogre closely misses you.
You hit the ogre.
The ogre is severely wounded.
You hit the ogre.
The ogre is severely wounded.
The ogre hits you with a +0 giant spiked club!!
Ouch! That really hurt!
You die...

....... ... .[.....
.... ....... #....
.....## ....# .....#
####....#
#5..###......#
#...##.......#
#..@#........#
#...O........# ##
#.)..........######.
#...................
......................
###...................
#######.############
### #


You could see an ogre and a white imp.

Vanquished Creatures
  An ice beast (D:5)
1 creature vanquished.

Notes
Turn   | Place    | Note
-------+----------+-------------------------------------------
     0 | D:5      | Reached skill level 9 in Stealth
     0 | D:5      | DocClef the Gnoll Delver began the quest for the Orb.
     0 | D:5      | Reached XP level 1. HP: 23/23 MP: 1/1
    20 | D:5      | Identified the +5 longbow of Courage {venom, rN+ Int+2}
    41 | D:5      | Noticed an ice beast
    45 | D:5      | Killed an ice beast
    46 | D:5      | Reached skill level 1 in Long Blades
    46 | D:5      | Reached skill level 1 in Axes
    46 | D:5      | Reached skill level 1 in Maces & Flails
    46 | D:5      | Reached skill level 1 in Polearms
    46 | D:5      | Reached skill level 1 in Staves
    46 | D:5      | Reached skill level 1 in Slings
    46 | D:5      | Reached skill level 1 in Bows
    46 | D:5      | Reached skill level 1 in Crossbows
    46 | D:5      | Reached skill level 1 in Throwing
    46 | D:5      | Reached skill level 1 in Armour
    46 | D:5      | Reached skill level 1 in Shields
    46 | D:5      | Reached skill level 1 in Unarmed Combat
    46 | D:5      | Reached skill level 1 in Spellcasting
    46 | D:5      | Reached skill level 1 in Conjurations
    46 | D:5      | Reached skill level 1 in Hexes
    46 | D:5      | Reached skill level 1 in Summonings
    46 | D:5      | Reached skill level 1 in Necromancy
    46 | D:5      | Reached skill level 1 in Translocations
    46 | D:5      | Reached skill level 1 in Transmutations
    46 | D:5      | Reached skill level 1 in Fire Magic
    46 | D:5      | Reached skill level 1 in Ice Magic
    46 | D:5      | Reached skill level 1 in Air Magic
    46 | D:5      | Reached skill level 1 in Earth Magic
    46 | D:5      | Reached skill level 1 in Poison Magic
    46 | D:5      | Reached skill level 1 in Invocations
    46 | D:5      | Reached skill level 1 in Evocations
    46 | D:5      | Reached XP level 2. HP: 29/29 MP: 1/3
    46 | D:5      | Reached XP level 3. HP: 35/35 MP: 1/4
    46 | D:5      | Reached XP level 4. HP: 41/41 MP: 1/5
   108 | D:5      | Noticed an ogre
   123 | D:5      | Mangled by an ogre

Illustrated notes

Levels and vault maps discovered:
D:5:      layout_cave_pods, minmay_temple_entry_tees, uniq_eustachio,
          uniq_prince_ribbit1

Skill      XL: |  1 |
---------------+----+-----
Stealth        | |  9.6
Long Blades    | 1 |  1.2
Axes           | 1 |  1.2
Maces & Flails | 1 |  1.2
Polearms       | 1 |  1.2
Staves         | 1 |  1.2
Slings         | 1 |  1.2
Bows           | 1 |  1.2
Crossbows      | 1 |  1.2
Throwing       | 1 |  1.2
Armour         | 1 |  1.2
Shields        | 1 |  1.2
Unarmed Combat | 1 |  1.2
Spellcasting   | 1 |  1.2
Conjurations   | 1 |  1.0
Hexes          | 1 |  1.0
Summonings     | 1 |  1.0
Necromancy     | 1 |  1.0
Translocations | 1 |  1.0
Transmutations | 1 |  1.0
Fire Magic     | 1 |  1.0
Ice Magic      | 1 |  1.0
Air Magic      | 1 |  1.0
Earth Magic    | 1 |  1.0
Poison Magic   | 1 |  1.0
Invocations    | 1 |  1.3
Evocations     | 1 |  1.2
Fighting       | |  6.6
Short Blades   | |  4.6
Dodging        | |  4.6

Action                   |  1- 3 |  4- 6 || total
-------------------------+-------+-------++-------
Melee: Short sword       |     1 |     6 ||     7
       Bite              |       |     2 ||     2
 Stab: Sleeping          |     1 |       ||     1
Dodge: Dodged            |       |     2 ||     2

Table legend: (Time is in decaauts)
 A = Elapsed time spent in this place.
 B = Non-inter-level travel time spent in this place.
 C = Inter-level travel time spent in this place.
 D = Time resting spent in this place.
 E = Time spent auto-exploring this place.
 F = Levels seen in this place.
 G = Mean time per level.
                   A        B        C        D        E       F      G
               +--------+--------+--------+--------+--------+-----+--------+
         Total |    122 |    122 |      0 |      0 |     82 |   1 |  122.0 |
       Dungeon |    122 |    122 |      0 |      0 |     82 |   1 |  122.0 |
               +--------+--------+--------+--------+--------+-----+--------+

Top non-repeatable levels by time:
     D:5: 122 daAuts
